 Dungeon Crawl Stone Soup version 0.28-a0-1567-g1695149f81 (webtiles) character file.

Game seed: 8704855674373128779

163 southernslant the Skirmisher (level 5, -6/28 HPs)
             Began as a Vine Stalker Fighter on Jan 20, 2022.
             Mangled by a water moccasin (7 damage)
             ... on level 3 of the Dungeon.
             The game lasted 00:03:15 (2083 turns).

southernslant the Skirmisher (Vine Stalker Fighter) Turns: 2083, Time: 00:03:17

Health: -6/28      AC:  6    Str: 21    XL:     5   Next: 44%
Magic:  0/6        EV: 10    Int:  8    God:
Gold:   79         SH:  4    Dex: 13    Spells: 4/4 levels left

rFire   . . .      SeeInvis .   a - +0 trident
rCold   . . .      Faith    .   c - +0 buckler
rNeg    . . .      Spirit   +   b - +0 scale mail
rPois   .          Reflect  .   (no helmet)
rElec   .          Harm     .   (no cloak)
rCorr   .          Rampage  .   (no gloves)
Will    .....                   (no boots)
Stlth   ..........              (no amulet)
HPRegen 0.89/turn               (no ring)
MPRegen 0.10/turn               (no ring)

@: no status effects
A: fangs 2, regeneration 1, magic shield, antimagic bite, no potion heal 2
a: no special abilities


You were on level 3 of the Dungeon.
You visited 1 branch of the dungeon, and saw 3 of its levels.

You collected 79 gold pieces.

Inventory:

Hand Weapons
 a - a +0 trident (weapon)
Missiles
 g - 2 boomerangs (quivered)
 h - 101 stones
 j - 2 curare-tipped darts
 n - 6 silver javelins
 o - 3 atropa-tipped darts
Armour
 b - a +0 scale mail (worn)
 c - a +0 buckler (worn)
Wands
 l - a wand of polymorph (10)
Scrolls
 e - 4 scrolls of identify {unknown}
 m - a scroll of summoning {unknown}
 p - a scroll of blinking {unknown}
 q - a scroll of amnesia {unknown}
Potions
 d - a potion of might
 f - a potion of brilliance {unknown}
 i - 2 potions of lignification {unknown}
 k - 2 potions of heal wounds {unknown}


   Skills:
 * Level 3.5 Fighting
 * Level 2.7 Polearms
 + Level 1.2 Throwing
 + Level 2.7 Armour
 * Level 1.6 Dodging
 + Level 3.1 Shields


You had 4 spell levels left.
You didn't know any spells.
Your spell library contained the following spells:

 Spells                   Type           Power      Damage    Failure   Level
 Ensorcelled Hibernation  Hex/Ice        0%         N/A       94%         2
 Spider Form              Tmut/Pois      0%         N/A       99%         3
 Anguish                  Hex/Necr       0%         N/A       100%        4


Dungeon Overview and Level Annotations

Branches:
Dungeon (3/15)

Altars:
Dithmenos
Trog


Innate Abilities, Weirdness & Mutations

You have extremely sharp teeth.
Your natural rate of healing is unusually fast.
When hurt, damage is shared between your health and your magic reserves.
Your bite disrupts and absorbs the magic of your enemies.
Potions cannot restore your health.


Message History

No target in view!
No target in view!
No target in view!
A water moccasin is nearby!
Throw: 2 boomerangs
Press: ? - help, Q - select action, (/) - cycle Shift-Dir - straight line, f - water moccasin
Aim: a water moccasin (38% to hit)
You throw a boomerang.
The boomerang closely misses the water moccasin.
You miss the water moccasin. The water moccasin bites you.
You are poisoned.
The water moccasin poisons you! The water moccasin bites you!
You closely miss the water moccasin.
You feel very sick. You block the water moccasin's attack.
The water moccasin bites you.
You barely miss the water moccasin.
You feel sick. The water moccasin barely misses you.
The water moccasin bites you.
Aiming: Polymorph
Press: ? - help, Shift-Dir - straight line, f/p - water moccasin
Aim: a water moccasin (will become a sky beast, a swamp drake, or a wyvern, chance to affect: 49%)
The water moccasin resists with some effort.
You feel sick. You block the water moccasin's attack.
You miss the water moccasin. Your bite misses the water moccasin.
You feel sick. The water moccasin closely misses you.
The water moccasin barely misses you.
You barely miss the water moccasin. Your bite misses the water moccasin.
You feel sick. The water moccasin bites you.
You puncture the water moccasin! Your bite misses the water moccasin.
The water moccasin is moderately wounded.
You feel sick. You block the water moccasin's attack.
The water moccasin bites you!
* * * LOW HITPOINT WARNING * * *
You hit the water moccasin but do no damage.
The water moccasin is moderately wounded.
You feel sick.
You are no longer poisoned.
The water moccasin bites you.
* * * LOW HITPOINT WARNING * * *
The water moccasin bites you!
You die...

#.##.##....#.########
#.8..$#._..#..##.....
#....S#....#.......##
#....S#....#.......'.
#.8..$#._..#.......##
#.##.##....#.......#
#..## #⌠.⌠.#.......#
#..S#######'.......#
#...@..............#
###.#.###.##.......#
#...# #..........#
###.# ############
#.# #.# #.# ..# ###


You could see a water moccasin.

Vanquished Creatures
  Natasha (thrice) (D:2)
  3 adders
  A white imp (D:3)
  3 worms
  A dart slug (D:3)
  7 bats
  5 endoplasms
  5 giant cockroaches
  3 goblins
  4 hobgoblins
  A quokka (D:3)
  6 ball pythons
  2 frilled lizards
  2 kobolds
  3 rats
49 creatures vanquished.

Notes
Turn   | Place    | Note
-------+----------+-------------------------------------------
     0 | D:1      | southernslant the Vine Stalker Fighter began the quest for
                  | the Orb.
     0 | D:1      | Reached XP level 1. HP: 11/11 MP: 2/2
   348 | D:1      | Reached XP level 2. HP: 10/16 MP: 0/3
   528 | D:1      | Found a faded altar of an unknown god.
  1118 | D:2      | Noticed Natasha
  1127 | D:2      | Killed Natasha
  1128 | D:2      | Reached skill level 1 in Dodging
  1128 | D:2      | Reached XP level 3. HP: 9/20 MP: 1/4
  1158 | D:2      | Noticed Natasha
  1163 | D:2      | Killed Natasha
  1164 | D:2      | Gained mutation: Your natural rate of healing is unusually
                  | fast. [Vine Stalker growth]
  1164 | D:2      | Reached XP level 4. HP: 10/24 MP: 3/5
  1365 | D:2      | Noticed Natasha
  1371 | D:2      | Killed Natasha
  1372 | D:2      | Reached skill level 1 in Throwing
  1699 | D:3      | Reached XP level 5. HP: 28/28 MP: 6/6
  2051 | D:3      | Found a shadowy altar of Dithmenos.
  2051 | D:3      | Found a bloodstained altar of Trog.
  2052 | D:3      | Noticed a water moccasin
  2083 | D:3      | HP: 1/28 [water moccasin (2)]
  2083 | D:3      | Mangled by a water moccasin

Illustrated notes

Levels and vault maps discovered:
D:1:      wheals_arrival_shading, layout_rooms,
          hellmonk_ecumenical_altar_leap_of_faith, minmay_small_reverse_x
D:2:      layout_loops_cross, minmay_misc_feat_x, serial_park_tiny_1,
          minmay_misc_feat_cross, kennysheep_generic_room_2, uniq_natasha
D:3:      layout_basic, jmf_multi_god_temple, minmay_joined_circles

Skill      XL: |  1  2  3  4 |
---------------+-------------+-----
Polearms       | 2 |  2.7
Fighting       | 3 |  3.5
Dodging        | 1 |  1.6
Throwing       | 1 |  1.2
Shields        | 3 |  3.1
Armour         | |  2.7

Action                   |  1- 3 |  4- 6 || total
-------------------------+-------+-------++-------
Melee: Trident           |    56 |    98 ||   154
       Bite              |     8 |    19 ||    27
Throw: Boomerang         |       |     1 ||     1
Evoke: Wand              |       |     1 ||     1
Armor: Scale mail        |    24 |    28 ||    52
Dodge: Dodged            |    29 |    30 ||    59
Block: Buckler           |     8 |    18 ||    26

Table legend: (Time is in decaauts)
 A = Elapsed time spent in this place.
 B = Non-inter-level travel time spent in this place.
 C = Inter-level travel time spent in this place.
 D = Time resting spent in this place.
 E = Time spent auto-exploring this place.
 F = Levels seen in this place.
 G = Mean time per level.
                   A        B        C        D        E       F      G
               +--------+--------+--------+--------+--------+-----+--------+
         Total |   2116 |   2006 |    110 |      0 |   1680 |   3 |  705.3 |
       Dungeon |   2116 |   2006 |    110 |      0 |   1680 |   3 |  705.3 |
               +--------+--------+--------+--------+--------+-----+--------+

Top non-repeatable levels by time:
     D:2: 974 daAuts
     D:1: 735 daAuts
     D:3: 407 daAuts
